 Dungeon Crawl Stone Soup version 0.31-a0-202-g547052bce9 (webtiles) character file.

Game seed: 4986740419608239286

53 qw the Shooter (level 3, 0/20 HPs)
             Began as a Deep Elf Hunter on June 26, 2023.
             Slain by a worm (6 damage)
             ... on level 2 of the Dungeon.
             The game lasted 00:00:24 (757 turns).

qw the Shooter (Deep Elf Hunter)                     Turns: 757, Time: 00:00:24

Health: 0/20       AC:  6    Str: 10    XL:     3   Next: 64%
Magic:  5/5        EV: 11    Int: 13    God:
Gold:   66         SH:  0    Dex: 18    Spells: 2/2 levels left

rFire   . . .        Y - +0 shortbow
rCold   . . .        (shield currently unavailable)
rNeg    . . .        g - +0 ring mail
rPois   .            (no helmet)
rElec   .            h - +0 cloak
rCorr   .            (no gloves)
SInv    .            (no boots)
Will    .....        (no amulet)
Stlth   +            (no ring)
HPRegen 0.23/turn    (no ring)
MPRegen 0.09/turn

%: no passive effects
@: no status effects
A: no striking features
a: no special abilities


You were on level 2 of the Dungeon.
You visited 1 branch of the dungeon, and saw 2 of its levels.

You collected 66 gold pieces.


   Skills:
 - Level 1.5 Fighting
 + Level 7.1 Ranged Weapons
 - Level 2.4 Dodging
 - Level 1.2 Stealth


You had 2 spell levels left.
You didn't know any spells.
Your spell library was empty.

Inventory:

Hand Weapons
 Y - a +0 shortbow (weapon)
Armour
 g - a +0 ring mail (worn)
 h - a +0 cloak (worn)
Scrolls
 a - a scroll of identify {unknown}
Potions
 b - a potion of might {unknown}
 f - a potion of heal wounds {unknown}
 i - a potion of degeneration {unknown}

Dungeon Overview and Level Annotations

Branches:
Dungeon (2/15)

Altars:


Message History

Enter note:
Enter note:
Enter note:
Enter note:
Enter note:
Enter note: You shoot an arrow.
The arrow hits the worm.
The worm is lightly wounded.
You shoot an arrow. The arrow hits the worm.
The worm is lightly wounded.
You shoot an arrow. The arrow barely misses the worm.
The arrow misses the frilled lizard.
The bat barely misses you. The worm bites you!
You shoot an arrow.
The arrow hits the worm but does no damage.
The worm is lightly wounded.
The bat closely misses you. The worm bites you but does no damage.
You shoot an arrow. The arrow barely misses the worm.
The bat hits you but does no damage. The frilled lizard barely misses you.
The bat completely misses you.
You shoot an arrow. The arrow barely misses the worm.
The bat closely misses you. The frilled lizard barely misses you.
The worm bites you but does no damage.
You shoot an arrow.
The arrow hits the worm but does no damage.
The bat hits you but does no damage. The frilled lizard bites you.
The worm bites you! The frilled lizard barely misses you.
You shoot an arrow.
The arrow hits the worm but does no damage.
The bat barely misses you. The bat closely misses you.
The frilled lizard closely misses you. The worm bites you but does no damage.
You shoot an arrow. The arrow hits the worm!
The worm is heavily wounded.
The bat closely misses you. The frilled lizard barely misses you.
You shoot an arrow.
The arrow hits the worm but does no damage.
The worm is heavily wounded.
The bat barely misses you. The frilled lizard barely misses you.
The worm bites you.
You die...

###........###.# #...........#
......##..###..###.###########
##..#.##..# #....#....##
#....##..###..........##
...####...##............# ...#
#.#...............# .###
#.##..............# ..
#.......b.....## ..
#.#....@##...## #......lw#####
#.......... #.....?......
................
...........(....
...............
...............


You could see a worm, a bat and a frilled lizard.

Vanquished Creatures
  2 adders
  A dart slug (D:1)
  3 endoplasms
  3 goblins (D:1)
  3 hobgoblins (D:1)
  A kobold (D:1)
  A quokka (D:1)
  6 ball pythons
  5 bats
  2 frilled lizards
  5 rats
32 creatures vanquished.

Notes
Turn   | Place    | Note
-------+----------+-------------------------------------------
     0 | D:1      | qw the Deep Elf Hunter began the quest for the Orb.
     0 | D:1      | Reached XP level 1. HP: 12/12 MP: 3/3
     0 | D:1      | 0 ||| qw: Version: 0.3-a-22-g0ed2b0b
     0 | D:1      | 0 ||| qw: Game counter: 6142
     0 | D:1      | 0 ||| qw: Melee chars always use a shield: true
     0 | D:1      | 0 ||| qw: God list: Okawaru
     0 | D:1      | 0 ||| qw: Allow faded altars: false
     0 | D:1      | 0 ||| qw: Do Orc after clearing Dungeon:15 true
     0 | D:1      | 0 ||| qw: Do second Lair branch before Depths: true
     0 | D:1      | 0 ||| qw: Lair rune preference: random
     0 | D:1      | 0 ||| qw: Goals: Normal
     0 | D:1      | 0 ||| PLANNING D:1-11
   180 | D:1      | Reached skill level 6 in Ranged Weapons
   180 | D:1      | Reached XP level 2. HP: 16/16 MP: 4/4
   499 | D:1      | 499 ||| UPGRADING to +0 ring mail.
   509 | D:1      | 509 ||| DROPPING +0 leather armour.
   510 | D:1      | 510 ||| UPGRADING to +0 cloak.
   515 | D:1      | 515 ||| READING scroll labelled ZENUYDEUGU.
   516 | D:1      | 516 ||| DRINKING 2 viscous inky potions.
   517 | D:1      | 517 ||| DROPPING scroll of butterflies.
   518 | D:1      | 518 ||| DROPPING potion of brilliance.
   562 | D:2      | 562 ||| STAIRDANCE
   569 | D:1      | Reached XP level 3. HP: 12/20 MP: 5/5
   718 | D:2      | Reached skill level 7 in Ranged Weapons
   754 | D:2      | HP: 5/20 [worm (8)]
   757 | D:2      | Slain by a worm

Levels and vault maps discovered:
D:1:      tarquinn_simple_flora_water_f, layout_basic,
          nicolae_figureground_pulse
D:2:      minmay_chambers_of_twos, layout_rooms

Skill      XL: |  1  2  3 |
---------------+----------+-----
Ranged Weapons | 6 7 |  7.1
Fighting       | |  1.5
Dodging        | |  2.4
Stealth        | |  1.2

Action                     || total
---------------------------++-------
   Fire: Shortbow          ||    92
    Use: Scroll            ||     1
         Potion            ||     1
 Armour: Leather armour    ||     1
         Ring mail         ||    15
  Dodge: Dodged            ||    28

Table legend:
 A = Non-vault XP
 B = Vault XP
 C = Vault XP percentage of total XP
 D = Non-vault monster count
 E = Vault monster count
 F = Vault count percentage of total count
                 A         B        C        D         E       F
            +---------+---------+-------+---------+---------+-------
      Total |      77 |       0 |   0.0 |      32 |       0 |   0.0
            +---------+---------+-------+---------+---------+-------
        D:1 |      48 |       0 |   0.0 |      20 |       0 |   0.0
        D:2 |      29 |       0 |   0.0 |      12 |       0 |   0.0
            +---------+---------+-------+---------+---------+-------
